 Dungeon Crawl Stone Soup version 0.28.0-47-ge53b351184 (webtiles) character file.

Game seed: 15484357768374805248

34 Peloso the Skirmisher (level 3, 0/33 HPs)
             Began as a Minotaur Fighter on Apr 29, 2022.
             Slain by an adder (3 damage)
             ... on level 2 of the Dungeon.
             The game lasted 00:01:21 (949 turns).

Peloso the Skirmisher (Minotaur Fighter)             Turns: 949, Time: 00:01:21

Health: 0/33       AC:  7    Str: 20    XL:     3   Next: 14%
Magic:  2/2        EV:  9    Int:  5    God:
Gold:   45         SH:  4    Dex: 11    Spells: 2/2 levels left

rFire   . . .      SeeInvis .   a - +0 long sword
rCold   . . .      Faith    .   c - +0 buckler
rNeg    . . .      Spirit   .   b - +0 scale mail
rPois   .          Reflect  .   (helmet restricted)
rElec   .          Harm     .   (no cloak)
rCorr   .          Rampage  .   (no gloves)
Will    .....                   (no boots)
Stlth   ..........              (no amulet)
HPRegen 0.11/turn               (no ring)
MPRegen 0.08/turn               (no ring)

@: no status effects
A: horns 2, retaliatory headbutt
a: no special abilities


You were on level 2 of the Dungeon.
You visited 1 branch of the dungeon, and saw 2 of its levels.

You collected 45 gold pieces.

Inventory:

Hand Weapons
 a - a +0 long sword (weapon)
Armour
 b - a +0 scale mail (worn)
 c - a +0 buckler (worn)
Scrolls
 i - a scroll of magic mapping {unknown}
Potions
 d - a potion of might
 f - a potion of heal wounds


   Skills:
 + Level 4.1 Fighting
 + Level 2.8 Long Blades
 + Level 4.1 Armour
 + Level 0.1 Stealth
 + Level 4.1 Shields


You had 2 spell levels left.
You didn't know any spells.
Your spell library was empty.

Dungeon Overview and Level Annotations

Branches:
Dungeon (2/15)

Altars:


Innate Abilities, Weirdness & Mutations

You have a pair of horns on your head.
You reflexively headbutt those who attack you in melee.


Message History

The jackal is heavily wounded.
The rat bites you but does no damage. You block the jackal's attack.
The adder bites you.
You are poisoned.
The adder poisons you! The rat closely misses you.
You closely miss the jackal.
The jackal is heavily wounded.
You feel sick. The jackal bites you. The adder bites you but does no damage.
The jackal barely misses you. You block the rat's attack.
You block the adder's attack.
You hit the jackal.
You kill the jackal!
You feel sick. The rat closely misses you. The adder bites you.
The rat barely misses you.
Unknown command.
You hit the endoplasm.
The endoplasm is moderately wounded.
You feel sick.
You are no longer poisoned.
The adder bites you.
* * * LOW HITPOINT WARNING * * *
You are poisoned.
The adder poisons you! The endoplasm barely misses you.
You block the adder's attack. You block the rat's attack.
The endoplasm closely misses you.
You hit the endoplasm.
You kill the endoplasm!
You feel sick. You block the adder's attack.
The rat bites you but does no damage.
Unknown command.
You feel sick. The adder barely misses you.
You feel sick.
You feel sick.
You see here a jackal corpse.
You feel sick.
You are no longer poisoned.
The adder bites you but does no damage.
Found 2 lumpy grey potions.
The adder closely misses you. The adder bites you.
You die...

............ ##.
#.##........ ##..
##.##.......
.##.>.#####..##.......
....#..............#
.............†.!..## ..
..................#
....#####.........<....#
.........†...r.S@......#
....#.###.†....####.......
[. ............# .#####.
..............# ##
.<.............#
#................
#.#.....#####...##
#>..##.. !..... ### .##..


You could see an adder and a rat.

Vanquished Creatures
  A worm (D:2)
  A dart slug (D:1)
  6 endoplasms
  2 giant cockroaches (D:2)
  2 goblins (D:1)
  A hobgoblin (D:1)
  3 jackals (D:2)
  A kobold (D:1)
  7 ball pythons
  A frilled lizard (D:1)
25 creatures vanquished.

Notes
Turn   | Place    | Note
-------+----------+-------------------------------------------
     0 | D:1      | Peloso the Minotaur Fighter began the quest for the Orb.
     0 | D:1      | Reached XP level 1. HP: 19/19 MP: 0/0
    92 | D:1      | Reached XP level 2. HP: 27/27 MP: 1/1
   926 | D:2      | Reached XP level 3. HP: 20/33 MP: 2/2
   949 | D:2      | Slain by an adder

Illustrated notes

Levels and vault maps discovered:
D:1:      dpeg_arrival_pond, layout_loops_ring
D:2:      layout_rooms, basic_altar, hellmonk_ecumenical_altar_blasted

Skill      XL: |  1  2 |
---------------+-------+-----
Fighting       | 4 |  4.1
Armour         | 4 |  4.1
Shields        | 4 |  4.1
Long Blades    | |  2.8
Stealth        | |  0.1

Action                   || total
-------------------------++-------
Melee: Long sword        ||    52
       Headbutt          ||     7
  Use: Scroll            ||     3
Armor: Scale mail        ||    18
Dodge: Dodged            ||    18
Block: Buckler           ||    18
